 Dungeon Crawl Stone Soup version 0.26.1-11-gd32895ea62 (webtiles) character file.

Game seed: 5064167542354247350

47 ubername the Chiller (level 3, 0/24 HPs)
             Began as a Barachi Ice Elementalist on July 14, 2021.
             Succumbed to an adder's poison
             ... on level 1 of the Dungeon.
             The game lasted 00:04:25 (1366 turns).

ubername the Chiller (Barachi Ice Elementalist)     Turns: 1366, Time: 00:04:25

Health: 0/24       AC:  2    Str:  7 (9)  XL:     3   Next: 70%
Magic:  1/7        EV: 12    Int: 13 (16) God:
Gold:   50         SH:  0    Dex: 11 (12) Spells: 1/7 levels left

rFire    . . .     SeeInvis .   h - +0 whip
rCold    + . .     Faith    +   (no shield)
rNeg     . . .     Spirit   .   a - +0 robe
rPois    .         Reflect  .   (no helmet)
rElec    .         Harm     .   (no cloak)
rCorr    .         Rampage  .   (no gloves)
Will     .....                  (no boots)
Stlth    ++........             i - amulet of faith
HPRegen  0.08/turn              f - ring of protection from cold
MPRegen  0.10/turn              (no ring)

@: brilliant, lethally poisoned (0 -> -2), slow
A: +LOS, swims, slowness 1, strong legs 1
a: Hop


You were on level 1 of the Dungeon.
You visited 1 branch of the dungeon, and saw 2 of its levels.

You collected 50 gold pieces.

Inventory:

Hand Weapons
 h - a +0 whip (weapon)
Missiles
 d - 38 stones (quivered)
 g - 21 sling bullets
Armour
 a - a +0 robe (worn)
Jewellery
 f - a ring of protection from cold (left hand)
 i - an amulet of faith (around neck)
Scrolls
 j - a scroll of remove curse
 l - a scroll of fear {unknown}
 m - a scroll of enchant armour {unknown}


   Skills:
 + Level 0.1 Fighting
 + Level 0.1 Maces & Flails
 + Level 1.0 Throwing
 + Level 2.3 Dodging
 + Level 1.9 Stealth
 + Level 2.8 Spellcasting
 + Level 5.5 Ice Magic


You had one spell level left.
You knew the following spells:

 Your Spells              Type           Power        Failure   Level
b - Frozen Ramparts       Ice            48%          7%          3
c - Ozocubu's Armour      Ice            24%          7%          3

Your spell library contained the following spells:

 Spells                   Type           Power        Failure   Level
 Freeze                   Ice            96%          2%          1
 Hailstorm                Conj/Ice       13%          58%         4
 Summon Ice Beast         Ice/Summ       13%          58%         4


Dungeon Overview and Level Annotations

Branches:
Dungeon (2/15)

Altars:


Innate Abilities, Weirdness & Mutations

You can be seen from farther away. (+LOS)
You can swim through water.
You cover ground slowly.
You can hop short distances.


Message History

You start putting on your amulet.
You continue putting on your blackened steel amulet. x4
The frozen ramparts melt away.
* * * LOW HITPOINT WARNING * * *
You feel sick.
You continue putting on your blackened steel amulet.
You finish putting on your uncursed amulet of faith.
You feel a strange surge of divine interest.
i - an amulet of faith (around neck)
f - a ring of protection from cold (left hand)
As you read the scroll labelled HABBIFF YRAMU, it crumbles to dust.
It is a scroll of amnesia.
Forget Freeze, freeing 1 spell level for a total of 1?
Your memory of Freeze unravels.
As you read the scroll labelled JAETWE OTEAP, it crumbles to dust.
You feel blessed for a moment.
It was a scroll of remove curse.
As you read the scroll labelled WUGHEU JILU, it crumbles to dust.
You experience a momentary feeling of inescapable doom!
It was a scroll of random uselessness.
You die...

.#
#.#..................
(##
#.....####........##.
..# ##....#
#...)....... #.#
#....####.........#.
#.#
##.........#........
..#
#..######.#.###....
..#
#.......#.#......).
.##
#..####)#.####.#...
## #.@# #.#..........
#### ##.####...#...
#..).##.###..#
##...##.#.....
#......#.#..#
#.#..........
#..........#.
########.#... #.....


There were no monsters in sight!

Vanquished Creatures
  2 adders
  A dart slug (D:1)
  3 giant cockroaches
  2 goblins (D:1)
  6 hobgoblins
  2 kobolds (D:1)
  5 bats
  2 frilled lizards (D:1)
  4 rats (D:1)
27 creatures vanquished.

Notes
Turn   | Place    | Note
-------+----------+-------------------------------------------
     0 | D:1      | ubername the Barachi Ice Elementalist began the quest for
                  | the Orb.
     0 | D:1      | Reached XP level 1. HP: 13/13 MP: 3/3
    68 | D:1      | Reached skill level 5 in Ice Magic
   297 | D:1      | Reached XP level 2. HP: 19/19 MP: 3/5
   989 | D:1      | Reached XP level 3. HP: 18/24 MP: 4/6
   993 | D:1      | Learned a level 3 spell: Frozen Ramparts
   997 | D:1      | Learned a level 3 spell: Ozocubu's Armour
  1343 | D:2      | Reached skill level 1 in Throwing
  1361 | D:1      | HP: 1/24 [poisoned by an adder]
  1366 | D:1      | Succumbed to an adder's poison

Illustrated notes

Levels and vault maps discovered:
D:1:      roderic_crossed_star, layout_basic
D:2:      layout_basic, nicolae_gozag_cash_rules_everything_around_me,
          nicolae_overflow_hidden_temple, minmay_tromino_i2

Skill      XL: |  1  2  3 |
---------------+----------+-----
Ice Magic      | 5 |  5.5
Throwing       | 1 |  1.0
Fighting       | |  0.1
Maces & Flails | |  0.1
Dodging        | |  2.3
Stealth        | |  1.9
Spellcasting   | |  2.8

Action                   || total
-------------------------++-------
Melee: Whip              ||    13
Throw: Stone             ||    77
 Cast: Freeze            ||    24
       Frozen Ramparts   ||     3
  Use: Scroll            ||     4
       Potion            ||     2
 Stab: Sleeping          ||     1
Armor: Robe              ||     8
Dodge: Dodged            ||    31
